 Dungeon Crawl Stone Soup version 0.24-a0-581-gc0fa6600bf (webtiles) character file.

Game seed: 9039694416539361508

35 Grimm the Chiller (level 3, -1/19 HPs)
             Began as a Deep Elf Ice Elementalist on Aug 23, 2019.
             Slain by a goblin (3 damage)
             ... led by Robin
             ... on level 2 of the Dungeon.
             The game lasted 00:09:57 (1100 turns).

Grimm the Chiller (Deep Elf Ice Elementalist)       Turns: 1100, Time: 00:09:58

Health: -1/19      AC:  3    Str:  6    XL:     3   Next: 17%
Magic:  9/9        EV: 12    Int: 19    God:
Gold:   0          SH:  0    Dex: 15    Spells: 5/8 levels left

rFire    . . .     SeeInvis .   h - +1 short sword
rCold    . . .     Gourm    .   (no shield)
rNeg     . . .     Faith    .   b - +0 leather armour (curse)
rPois    .         Spirit   .   (no helmet)
rElec    .         Reflect  .   (no cloak)
rCorr    .         Harm     .   (no gloves)
MR       .....                  (no boots)
Stlth    ++........             (no amulet)
HPRegen  0.06/turn              (no ring)
MPRegen  0.11/turn              (no ring)

@: no status effects
A: no striking features
a: no special abilities


You were on level 2 of the Dungeon.
You were not hungry.

You visited 1 branch of the dungeon, and saw 3 of its levels.

Inventory:

Hand Weapons
 d - a +0 club
 h - a +1 short sword (weapon)
 m - a +0 dagger
Missiles
 g - 37 stones (quivered)
Armour
 a - a +0 robe
 b - a cursed +0 leather armour (worn)
 i - a +0 leather armour
 k - a +0 robe
Scrolls
 e - a scroll of teleportation
 f - a scroll of identify {unknown}
Potions
 l - a potion of flight {unknown}
Comestibles
 c - 2 rations


   Skills:
 - Level 2.4 Dodging
 - Level 2.4 Stealth
 - Level 3.0 Spellcasting
 - Level 1.1 Conjurations
 + Level 4.8 Ice Magic


You had 5 spell levels left.
You knew the following spells:

 Your Spells              Type           Power        Failure   Level  Hunger
a - Freeze                Ice            ###.         3%          1    None
b - Throw Frost           Conj/Ice       ##....       11%         2    ##.....

Your spell library contained the following spells:

 Spells                   Type           Power        Failure   Level  Hunger
 Ozocubu's Armour         Chrm/Ice       ##......     26%         3    ###....
 Throw Icicle             Conj/Ice       ##......     56%         4    ####...
 Summon Ice Beast         Ice/Summ       ##......     65%         4    ####...


Dungeon Overview and Level Annotations

Branches:
Dungeon (3/15)

Altars:

Annotations:
D:2 Robin


Message History

Robin throws the goblin at you!
The goblin unwields a +0 hunting sling.
The goblin hits you but does no damage. The goblin misses you.
The goblin wields a +0 hunting sling.
The goblin shoots a stone.
The stone hits you.
* * * LOW HITPOINT WARNING * * *
You see here a stone.
The goblin shoots a stone.
The stone misses you.
The goblin no longer looks unusually strong.
Robin roars a battlecry!
The goblin goes into a battle-frenzy!
The goblin hits you but does no damage. The goblin hits you but does no damage.
The goblin no longer looks unusually strong.
Found 5 gold pieces and a thick platinum amulet.
Robin throws the goblin at you!
* * * LOW HITPOINT WARNING * * *
The goblin closely misses you. The goblin hits you.
You die...

.###.#..# ... ........#
... #....... ..
#......... .#..."$.#.
......... ...
.......g######## .†.
........@....... ...
...#...g######## ).#
#....g..g...# ###g..
#..........(..#####....#
....##...g...............
##.# #.........######....
... #......(..##...)<(##
.. #.#..#...###.#.g..##
#.##...#.#..g#..#÷..


You could see 2 goblins.

Vanquished Creatures
  2 leopard geckos
  2 bats (D:1)
  2 giant cockroaches (D:1)
  10 goblins
  4 hobgoblins
  A quokka (D:2)
  A frilled lizard (D:1)
  4 kobolds (D:1)
  A rat (D:1)
27 creatures vanquished.

Vanquished Creatures (others)
  4 toadstools (D:1)
4 creatures vanquished.

Grand Total: 31 creatures vanquished

Notes
Turn   | Place    | Note
-------+----------+-------------------------------------------
     0 | D:1      | Grimm the Deep Elf Ice Elementalist began the quest for the
                  | Orb.
     0 | D:1      | Reached XP level 1. HP: 10/10 MP: 6/6
   164 | D:1      | Reached XP level 2. HP: 14/15 MP: 5/8
   183 | D:1      | Reached skill level 4 in Ice Magic
   236 | D:1      | Learned a level 2 spell: Throw Frost
   835 | D:2      | Reached XP level 3. HP: 19/19 MP: 0/9
   931 | D:2      | Noticed Robin
  1100 | D:2      | Slain by a goblin

Levels and vault maps discovered:
D:1:      ldierk_water_garden, layout_loops_ring
D:2:      layout_rooms, st_stairs_2, uniq_robin
D:3:      layout_loops_ring, nicolae_overflow_hidden_temple, first_ration

Skill      XL: |  1  2 |
---------------+-------+-----
Ice Magic      | 4 |  4.8
Dodging        | |  2.4
Stealth        | |  2.4
Spellcasting   | |  3.0
Conjurations   | |  1.1

Action                   || total
-------------------------++-------
Throw: Stone             ||     4
 Cast: Freeze            ||    17
       Throw Frost       ||    20
  Use: Scroll            ||     3
  Eat: Chunk             ||     1
Armor: Robe              ||     2
       Leather armour    ||     6
Dodge: Dodged            ||    16

Table legend:
 A = Non-vault XP
 B = Vault XP
 C = Vault XP percentage of total XP
 D = Non-vault monster count
 E = Vault monster count
 F = Vault count percentage of total count
                 A         B        C        D         E       F
            +---------+---------+-------+---------+---------+-------
      Total |      38 |      13 |  25.5 |      20 |       7 |  25.9
            +---------+---------+-------+---------+---------+-------
        D:1 |      29 |       2 |   6.5 |      16 |       1 |   5.9
        D:2 |       9 |      11 |  55.0 |       4 |       6 |  60.0
            +---------+---------+-------+---------+---------+-------
